 Dungeon Crawl Stone Soup version 0.28-a0-1404-g4df0f3684d (webtiles) character file.

Game seed: 5762303444889949359

43 vineage the Skirmisher (level 3, -5/25 HPs)
             Began as a Gargoyle Fighter on Jan 5, 2022.
             Slain by a gnoll (8 damage)
             ... on level 2 of the Dungeon.
             The game lasted 00:01:23 (1615 turns).

vineage the Skirmisher (Gargoyle Fighter)           Turns: 1615, Time: 00:01:24

Health: -5/25      AC: 10    Str: 19    XL:     3   Next: 58%
Magic:  3/3        EV:  9    Int:  8    God:
Gold:   69         SH:  4    Dex: 11    Spells: 2/2 levels left

rFire   . . .      SeeInvis .   a - +0 flail
rCold   . . .      Faith    .   c - +0 buckler
rNeg    + . .      Spirit   .   b - +0 scale mail
rPois   ∞          Reflect  .   (no helmet)
rElec   +          Harm     .   (no cloak)
rCorr   .          Rampage  .   (no gloves)
Will    .....                   (no boots)
Stlth   ..........              (no amulet)
HPRegen 0.08/turn               (no ring)
MPRegen 0.08/turn               (no ring)

@: mighty
A: sickness immunity, AC +3, negative energy resistance 1, electricity
resistance, torment resistance 1, petrification resistance
a: no special abilities


You were on level 2 of the Dungeon.
You visited 1 branch of the dungeon, and saw 2 of its levels.

You collected 69 gold pieces.

Inventory:

Hand Weapons
 a - a +0 flail (weapon)
Armour
 b - a +0 scale mail (worn)
 c - a +0 buckler (worn)
Scrolls
 e - a scroll of vulnerability {unknown}
 f - a scroll of identify {unknown}
 j - 2 scrolls of amnesia
 k - a scroll of teleportation {unknown}
Potions
 g - 2 potions of curing {unknown}
 h - a potion of ambrosia {unknown}
 i - a potion of flight {unknown}


   Skills:
 + Level 4.9 Fighting
 - Level 2.0 Maces & Flails
 - Level 3.2 Armour
 - Level 3.2 Shields


You had 2 spell levels left.
You didn't know any spells.
Your spell library was empty.

Dungeon Overview and Level Annotations

Branches:
Dungeon (2/15)

Altars:


Innate Abilities, Weirdness & Mutations

You are immune to sickness and miasma.
Your stone body is resilient. (AC +3)
You are immune to poison.
You resist negative energy. (rN+)
You are resistant to electric shocks. (rElec)
You are resistant to unholy torment.
You are immune to petrification.


Message History

The gnoll is lightly wounded.
The gnoll hits you but does no damage.
You closely miss the gnoll.
The gnoll is lightly wounded.
The gnoll hits you with a +0 club. You block the gnoll's attack.
The gnoll hits you with a +0 club. The gnoll barely misses you.
You sock the gnoll!
You kill the gnoll!
You block the gnoll's attack. The gnoll closely misses you.
The gnoll hits you but does no damage.
Things that are here:
a +0 club; a gnoll corpse You sock the gnoll!
The gnoll is almost dead.
The gnoll hits you with a +0 halberd.
The gnoll hits you from afar with a +0 spear.
You are too injured to fight recklessly!
You are too injured to fight recklessly!
You are too injured to fight recklessly!
You are too injured to fight recklessly!
You are too injured to fight recklessly!
You are too injured to fight recklessly!
You are too injured to fight recklessly!
You are too injured to fight recklessly!
You are too injured to fight recklessly!
You are too injured to fight recklessly!
You are too injured to fight recklessly!
You are too injured to fight recklessly!
You are too injured to fight recklessly!
You closely miss the gnoll.
The gnoll is almost dead.
The gnoll closely misses you.
The gnoll hits you from afar with a +0 spear.
* * * LOW HITPOINT WARNING * * *
The gnoll barely misses you.
As you read the scroll labelled KIRCHI OS BARCHE, it crumbles to dust.
It is a scroll of amnesia.
You feel forgetful for a moment. The gnoll hits you but does no damage.
The gnoll hits you with a +0 halberd!
You die...

.####............#
.####.##...#####.#
........#..# #.#
## ......#.#..#
#.# ..
.####......# #.#
## .# #......# #.#
. .. .......# #.#
# .# #[....## #.#
.# #@# .. #g# #g#
.g. ... ##.## #.#
#.#


You could see 3 gnolls.

Vanquished Creatures
  A gnoll (D:2)
  An adder (D:2)
  A dart slug (D:2)
  An endoplasm (D:1)
  3 goblins
  2 hobgoblins
  4 ball pythons
  5 bats
  A frilled lizard (D:1)
  3 kobolds
  A rat (D:2)
23 creatures vanquished.

Notes
Turn   | Place    | Note
-------+----------+-------------------------------------------
     0 | D:1      | vineage the Gargoyle Fighter began the quest for the Orb.
     0 | D:1      | Reached XP level 1. HP: 14/14 MP: 1/1
   803 | D:1      | Reached XP level 2. HP: 8/20 MP: 2/2
  1017 | D:1      | Reached skill level 4 in Fighting
  1165 | D:1      | Found a faded altar of an unknown god.
  1373 | D:2      | Reached XP level 3. HP: 18/24 MP: 3/3
  1615 | D:2      | Slain by a gnoll

Illustrated notes

Levels and vault maps discovered:
D:1:      dpeg_arrival_central, layout_loops_corners,
          shapermc_ecumenical_altar_hornbeckon
D:2:      layout_loops_ring

Skill      XL: |  1  2 |
---------------+-------+-----
Fighting       | 4 |  4.9
Maces & Flails | |  2.0
Armour         | |  3.2
Shields        | |  3.2

Action                   || total
-------------------------++-------
Melee: Flail             ||    77
  Use: Scroll            ||     1
       Potion            ||     1
Armor: Scale mail        ||    56
Dodge: Dodged            ||    45
Block: Buckler           ||    21

Table legend: (Time is in decaauts)
 A = Elapsed time spent in this place.
 B = Non-inter-level travel time spent in this place.
 C = Inter-level travel time spent in this place.
 D = Time resting spent in this place.
 E = Time spent auto-exploring this place.
 F = Levels seen in this place.
 G = Mean time per level.
                   A        B        C        D        E       F      G
               +--------+--------+--------+--------+--------+-----+--------+
         Total |   1647 |   1629 |     18 |      0 |   1433 |   2 |  823.5 |
       Dungeon |   1647 |   1629 |     18 |      0 |   1433 |   2 |  823.5 |
               +--------+--------+--------+--------+--------+-----+--------+

Top non-repeatable levels by time:
     D:1: 1244 daAuts
     D:2: 402 daAuts
